AoeStats
← Msp

Pilgrims

508058692Analyzed
3v3 RM · 12d ago on Sep 20, 2026· 26m 25s· 6 players
Game mode
Random Map
Map size
Normal (6 player)
Population
200
Speed
Normal
Resources
Standard
Victory
Conquest
Starting age
Dark Age
Ending age
Imperial Age
RankedLock teamsTeams togetherTeam positionsShared explorationLock speedFull tech treeHidden civsTurbo modeCheats
Victory
Defeat
🇩🇪 Armenians · Germany
1441
+17
🇨🇳 Spanish · China
1436
+17
🇺🇸 Hindustanis · United States
1381
+19
🇨🇭 Japanese · Switzerland
1479
-18
🇫🇷 Persians · France
1457
-18
🇫🇷 Malians · France
1443
-17
hchxie
7:03 Loom
11:35 Feudal Age
12:39 Double-Bit Axe
15:39 Fishing Lines
19:24 Gold Mining
22:07 Castle Age
21:59 Stone Mining
23:17 Medium Warships
23:44 Fletching
24:37 Bodkin Arrow
CMCHJK
5:17 Loom
13:14 Feudal Age
13:43 Fishing Lines
14:07 Double-Bit Axe
17:19 Castle Age
16:03 Gold Mining
16:54 Bloodlines
18:08 Wheelbarrow
17:45 Scale Barding Armor
17:51 Forging
18:22 Husbandry
18:47 Chain Barding Armor
19:28 Gillnets
21:50 Hand Cart
22:40 Iron Casting
Lambadaschnitte
5:53 Loom
10:29 Feudal Age
10:41 Man-at-Arms
11:07 Arson
11:31 Double-Bit Axe
11:44 Town Watch
12:30 Fletching
28:27 Castle Age
g2b
8:49 Loom
11:00 Feudal Age
12:02 Double-Bit Axe
15:15 Forging
20:28 Castle Age
18:48 Gold Mining
18:51 Fishing Lines
21:14 Medium Warships
22:09 Iron Casting
24:23 Fletching
25:26 Wheelbarrow
25:26 Bodkin Arrow
25:53 Bow Saw
Msp
3:16 Loom
10:20 Feudal Age
11:04 Double-Bit Axe
13:15 Fletching
21:45 Castle Age
21:47 Scale Mail Armor
BehCoY
6:14 Loom
11:25 Feudal Age
15:08 Castle Age
15:55 Fletching
16:35 Bodkin Arrow
16:35 Double-Bit Axe
17:28 Town Watch
20:57 Padded Archer Armor
22:04 Wheelbarrow
21:29 Town Patrol
Connection lost

Rejoining the realm…

Still unreachable

The connection could not be restored.

Session expired

The server has moved on; the page needs a fresh start.